Map: Ascension to Aiur LE

Players

Joaquin - Winner!

  • Race: Protoss Protoss
  • League: Gold
  • Spawn Location: 11:00

A.I. 1 (Elite)

  • Race: Terran Terran
  • Spawn Location: 5:00

VOD

Have the link to the VOD?

Description

Time

  • Played on: June 18, 2017, 7:12 p.m.
  • Length: 8:03
Show
View Real Time Build Order
Export as new Build Order

Joaquin Protoss - Winner!

Build Orders: 1 Gate Expand 

Get SALT Encoding   

  12  0:01  Probe (Chrono Boost)  
  13  0:12  Probe (Chrono Boost)  
  14  0:18  Pylon  
  14  0:22  Probe (Chrono Boost)  
  15  0:36  Probe (Chrono Boost)  
  15  0:40  Gateway  
  16  0:45  Assimilator  
  16  0:47  Probe (Chrono Boost)  
  17  0:57  Probe (Chrono Boost)  
  18  1:08  Probe (Chrono Boost)  
  19  1:21  Nexus  
  19  1:24  Probe (Chrono Boost)  
  20  1:35  Cybernetics Core  
  20  1:43  Pylon  
  20  1:49  Assimilator  
  20  1:50  Probe (Chrono Boost)  
  21  2:00  Probe (Chrono Boost)  
  22  2:11  Probe (Chrono Boost)  
  23  2:17  Warp Gate  
  23  2:22  Mothership Core (Chrono Boost)  
  25  2:32  Pylon  
  25  2:34  Robotics Facility  
  25  2:41  Probe x2 (Chrono Boost)  
  27  2:47  Adept  
  30  2:51  Probe x2 (Chrono Boost)  
  31  3:04  Twilight Council  
  31  3:07  Gateway  
  31  3:13  Gateway  
  31  3:17  Probe x2 (Chrono Boost)  
  33  3:27  Probe (Chrono Boost)  
  33  3:28  Probe (Chrono Boost)  
  33  3:29  Observer  
  33  3:31  Resonating Glaives  
  36  3:38  Adept  
  38  3:47  Probe x2 (Chrono Boost)  
  40  3:50  Warp Prism  
  42  3:57  Gateway  
  42  4:01  Gateway  
  42  4:06  Probe (Chrono Boost)  
  42  4:07  Probe (Chrono Boost)  
  44  4:23  Gateway  
  44  4:24  Gateway  
  44  4:27  Gateway  
  44  4:30  Pylon  
  44  4:31  Pylon  
  44  4:35  Adept  
  44  4:36  Adept  
  48  4:41  Probe x2 (Chrono Boost)  
  50  4:46  Adept  
  53  4:53  Probe (Chrono Boost)  
  53  4:58  Immortal  
  57  5:04  Pylon  
  57  5:06  Pylon  
  57  5:10  Probe (Chrono Boost)  
  57  5:12  Probe (Chrono Boost)  
  57  5:13  Adept x2  
  63  5:16  Adept  
  63  5:19  Adept  
  67  5:23  Adept  
  69  5:42  Adept  
  71  5:43  Adept x3  
  71  5:44  Adept  
  79  5:54  Pylon  
  79  5:56  Pylon x2  
  79  5:59  Pylon x2  
  79  6:15  Adept x3  
  79  6:16  Adept x2  
  79  6:17  Adept  
  79  6:18  Adept  
  93  6:21  Adept  
  87  6:36  Adept x2  
  87  6:37  Adept x3  
  91  6:43  Adept x2  
  71  7:03  Adept x3  
  71  7:04  Adept x3  
  83  7:11  Adept x2  
  83  7:30  Nexus  
  83  7:52  Pylon  
  83  7:54  Pylon  
  83  7:56  Pylon  
Show
View Real Time Build Order
Export as new Build Order

A.I. 1 (Elite) Terran 

Build Orders: MMM Bio 

Get SALT Encoding   

  12  0:00  SCV  
  13  0:13  SCV  
  14  0:19  Supply Depot  
  14  0:25  SCV  
  15  0:41  SCV  
  15  0:42  Barracks  
  16  0:53  SCV  
  17  1:05  SCV  
  18  1:17  SCV  
  19  1:19  Supply Depot  
  19  1:23  Refinery  
  19  1:29  SCV, Marine  
  21  1:41  SCV  
  21  1:47  Marine  
  22  1:53  SCV, Barracks  
  24  1:57  Refinery  
  24  2:04  Supply Depot, Marine  
  24  2:06  Orbital Command  
  25  2:22  Marine  
  26  2:31  SCV  
  27  2:40  Marine  
  27  2:43  SCV  
  29  2:45  Command Center  
  29  3:02  Factory, SCV  
  29  3:05  Marine  
  30  3:07  Marine  
  32  3:14  SCV  
  33  3:23  Marine  
  33  3:25  Marine  
  33  3:26  SCV  
  36  3:37  Barracks  
  36  3:38  SCV  
  37  3:42  Barracks Tech Lab  
  37  3:44  Barracks Tech Lab  
  37  3:48  Factory Tech Lab  
  37  3:51  SCV  
  38  3:57  SCV  
  38  3:59  Supply Depot  
  39  4:03  SCV  
  39  4:04  Marine  
  39  4:07  Marine  
  39  4:09  SCV  
  43  4:12  Stimpack  
  43  4:15  SCV  
  44  4:18  Siege Tank  
  44  4:21  SCV  
  44  4:23  Combat Shields  
  48  4:27  SCV  
  48  4:30  Marine  
  50  4:32  Marine  
  50  4:33  SCV  
  50  4:34  Marine  
  53  4:39  SCV  
  53  4:40  Supply Depot  
  54  4:45  Orbital Command  
  54  4:49  Marauder  
  54  4:50  Marauder  
  58  5:10  Marauder  
  58  5:11  Marauder, Barracks Reactor, Engineering Bay  
  62  5:21  Command Center  
  62  5:31  Marauder  
  62  5:34  Supply Depot  
  66  5:36  Marauder  
  66  5:38  Terran Infantry Weapons Level 1  
  66  5:51  Engineering Bay  
  66  5:53  Marauder  
  70  5:57  Marauder  
  70  5:58  Concussive Shells, Supply Depot  
  70  6:06  Siege Tank  
  73  6:14  Marauder  
  75  6:20  Marauder  
  75  6:21  Supply Depot  
  77  6:32  Barracks  
  77  6:34  SCV  
  77  6:35  Marauder, SCV  
  77  6:37  SCV  
  77  6:38  Siege Tank  
  85  6:43  Marine  
  85  6:46  SCV, Marine  
  69  6:48  Marine  
  65  6:56  Marine  
  54  7:02  Marauder  
  54  7:04  Marine  
  54  7:06  Marine  
  54  7:08  SCV  
  49  7:15  Marauder  
  50  7:16  SCV  
  50  7:22  Marine  
  48  7:23  Marauder  
Tags
 
Composition
MMM Bio
League
Gold
Matchup
PvT
Spawn Locations
Cross Positions
Add a new tag
Caveats
  • Supply blocks, unpowered buildings, or Contaminate may cause inaccurate times.
  • Supply counts are checked every 10 seconds.